 Dungeon Crawl Stone Soup version 0.26-a0-663-g36e8fdb655 (webtiles) character file.

Game seed: 15409273349985074715

117 ringo67 the Skirmisher (level 5, 0/57 HPs)
             Began as an Ogre Fighter on Oct 11, 2020.
             Slain by an orc priest
             ... wielding a cursed +0 flail
              (5 damage)
             ... on level 3 of the Dungeon.
             The game lasted 00:02:44 (2695 turns).

ringo67 the Skirmisher (Ogre Fighter)               Turns: 2695, Time: 00:02:45

Health: 0/57       AC:  3    Str: 21    XL:     5   Next: 1%
Magic:  5/5        EV:  8    Int:  9    God:
Gold:   108        SH:  8    Dex:  8    Spells: 4/4 levels left

rFire    + . .     SeeInvis .   a - +0 flail
rCold    . . .     Faith    .   c - +0 kite shield
rNeg     . . .     Spirit   .   b - +0 robe
rPois    .         Reflect  .   (helmet restricted)
rElec    .         Harm     .   (no cloak)
rCorr    .         Rampage  .   (gloves unavailable)
MR       .....                  (boots unavailable)
Stlth    +.........             (no amulet)
HPRegen  0.19/turn              o - ring of protection from fire
MPRegen  0.09/turn              (no ring)

@: no status effects
A: large, unfitting armour, tough skin 1
a: no special abilities


You were on level 3 of the Dungeon.
You visited 1 branch of the dungeon, and saw 3 of its levels.

You collected 108 gold pieces.

Inventory:

Hand Weapons
 a - a +0 flail (weapon)
Missiles
 s - 8 poisoned darts (quivered)
Armour
 b - a +0 robe (worn)
 c - a +0 kite shield (worn)
Jewellery
 o - a ring of protection from fire (left hand)
Scrolls
 f - a scroll of enchant weapon {unknown}
 g - a scroll of fear {unknown}
 h - a scroll of identify {unknown}
 i - a scroll of remove curse {unknown}
 j - a scroll of noise {unknown}
 k - 2 scrolls of immolation {unknown}
 l - 4 scrolls of teleportation {unknown}
 q - a scroll of random uselessness {unknown}
 r - a scroll of amnesia {unknown}
 t - a scroll of fog {unknown}
Potions
 d - 2 potions of might
 e - 3 potions of curing {unknown}
 m - 2 potions of lignification {unknown}
 n - a potion of flight {unknown}
 p - a potion of berserk rage {unknown}


   Skills:
 * Level 5.5 Fighting
 * Level 3.1 Maces & Flails
 + Level 3.3 Dodging
 - Level 2.6 Shields


You had 4 spell levels left.
You didn't know any spells.
Your spell library was empty.

Dungeon Overview and Level Annotations

Branches:
Dungeon (3/15)

Altars:
Ashenzari
Qazlal


Innate Abilities, Weirdness & Mutations

You are too large for most types of armour.
You have tough skin. (AC +1)


Message History

You barely miss the orc priest. The orc priest barely misses you.
You hit the orc priest but do no damage.
You block the orc priest's attack.
You barely miss the orc priest.
The orc priest calls down the wrath of Beogh upon you.
Pain shoots through your body!
You barely miss the orc priest. The orc priest barely misses you. x2
You barely miss the orc priest.
The orc priest hits you with a cursed +0 flail.
* * * LOW HITPOINT WARNING * * *
Your shield prevents you from hitting the orc priest.
You block the orc priest's attack.
You sock the orc priest!
The orc priest is severely wounded.
The orc priest hits you with a cursed +0 flail!
* * * LOW HITPOINT WARNING * * *
You hit the orc priest but do no damage.
The orc priest is severely wounded.
The orc priest hits you with a cursed +0 flail.
You die...

#.. #.## #..## #...##
#....##
########.....##
#.............##
#.#######......######
#.# ###@.....#...#..
########.#
#oo#######._.###
.#.#.#.#.#
#.#......#...+
#.#.#.#..# #.).....##
### .#.#.#.#.#
#)...?.## .#
#.#.#.#..# #.#...## .
.#.#.#.#.# #.#..## .
#.#.#.#.... ..#.##
.#.#.#.#.... #####


You could see an orc priest and an orc.

Vanquished Creatures
  An orc wizard (D:3)
  3 oozes
  A dart slug (D:1)
  5 leopard geckos
  2 orcs (D:3)
  3 ball pythons
  6 bats
  5 giant cockroaches
  2 goblins (D:1)
  9 hobgoblins
  10 jackals
  A quokka (D:2)
  4 frilled lizards
  7 kobolds
  5 rats
64 creatures vanquished.

Notes
Turn   | Place    | Note
-------+----------+-------------------------------------------
     0 | D:1      | ringo67 the Ogre Fighter began the quest for the Orb.
     0 | D:1      | Reached XP level 1. HP: 24/24 MP: 1/1
   108 | D:1      | Reached XP level 2. HP: 15/32 MP: 2/2
   488 | D:1      | Reached XP level 3. HP: 37/40 MP: 3/3
  1108 | D:2      | Reached skill level 5 in Fighting
  1172 | D:2      | Found a stormy altar of Qazlal.
  1210 | D:2      | Reached XP level 4. HP: 48/50 MP: 4/4
  2659 | D:3      | Found a broken altar of Ashenzari.
  2678 | D:3      | Reached XP level 5. HP: 42/57 MP: 5/5
  2695 | D:3      | Slain by an orc priest

Illustrated notes

Levels and vault maps discovered:
D:1:      minmay_arrival_semitransparent, layout_basic
D:2:      layout_basic, grunt_qazlal_sundering
D:3:      layout_basic, nicolae_ashenzari_panopticon,
          grunt_temple_overflow_diamond, fedhas_altar_1, uniq_ijyb

Skill      XL: |  1  2  3  4 |
---------------+-------------+-----
Maces & Flails | 2 3 |  3.1
Dodging        | 3 |  3.3
Fighting       | 5 |  5.5
Shields        | |  2.6

Action                   |  1- 3 |  4- 6 || total
-------------------------+-------+-------++-------
Melee: Flail             |   128 |   106 ||   234
Armor: Robe              |    37 |    41 ||    78
Dodge: Dodged            |    42 |    58 ||   100
Block: Kite shield       |    75 |    64 ||   139

Table legend: (Time is in decaauts)
 A = Elapsed time spent in this place.
 B = Non-inter-level travel time spent in this place.
 C = Inter-level travel time spent in this place.
 D = Time resting spent in this place.
 E = Time spent auto-exploring this place.
 F = Levels seen in this place.
 G = Mean time per level.
                   A        B        C        D        E       F      G
               +--------+--------+--------+--------+--------+-----+--------+
         Total |   2776 |   2736 |     40 |    382 |   1851 |   3 |  925.3 |
       Dungeon |   2776 |   2736 |     40 |    382 |   1851 |   3 |  925.3 |
               +--------+--------+--------+--------+--------+-----+--------+

Top non-repeatable levels by time:
     D:1: 1131 daAuts
     D:2: 900 daAuts
     D:3: 745 daAuts
